 Dungeon Crawl Stone Soup version 0.23.2-1-ga50397a (webtiles) character file.

Game seed: 7004914657634751456

70 Leeroy the Conjurer (level 4, 0/33 HPs)
             Began as a Draconian Conjurer on Apr 14, 2019.
             Was an Initiate of Elyvilon.
             Succumbed to Jessica's poison
             ... on level 2 of the Dungeon.
             The game lasted 00:03:37 (1171 turns).

Leeroy the Conjurer (Draconian Conjurer)            Turns: 1171, Time: 00:03:38

Health: 0/33       AC:  5    Str: 10    XL:     4   Next: 4%
Magic:  7/8        EV: 12    Int: 16    God:    Elyvilon [......]
Gold:   52         SH:  0    Dex: 12    Spells: 3/9 levels left

rFire    . . .     SeeInvis .   f - +2 short sword (protect)
rCold    . . .     Gourm    .   (no shield)
rNeg     . . .     Faith    .   (armour unavailable)
rPois    .         Spirit   .   (helmet restricted)
rElec    .         Reflect  .   (no cloak)
rCorr    .         Harm     .   (no gloves)
MR       .....                  (no boots)
Stlth    ++........             (no amulet)
HPRegen  0.11/turn              (no ring)
MPRegen  0.11/turn              (no ring)

@: lethally poisoned (0 -> -9), flying, hasted, very quick
A: unfitting armour, cold-blooded, AC +5
a: Renounce Religion


You were on level 2 of the Dungeon.
You worshipped Elyvilon.
Elyvilon was noncommittal.
You were hungry.

You visited 1 branch of the dungeon, and saw 2 of its levels.

You collected 52 gold pieces.

Inventory:

Hand Weapons
 a - a +0 dagger
 c - a +2 dagger of venom
 d - a +1 dagger of speed
 f - a +2 short sword of protection (weapon)
 i - a +0 spear
 t - a +0 hunting sling
Missiles
 g - 40 sling bullets
 l - 34 arrows
 s - 25 bolts
 u - 49 stones (quivered)
Jewellery
 k - an uncursed ring of protection from magic {unknown}
Wands
 v - a wand of polymorph (8)
Scrolls
 e - a scroll of fog {unknown}
 h - a scroll of enchant weapon {unknown}
 m - a scroll of magic mapping {unknown}
 n - 2 scrolls of remove curse {unknown}
 o - 3 scrolls of teleportation {unknown}
 p - a scroll of blinking {unknown}
 q - a scroll of amnesia {unknown}
 w - a scroll of identify {unknown}
Comestibles
 b - 7 rations
 r - 3 chunks of flesh


   Skills:
 - Level 1.7 Dodging
 - Level 1.7 Stealth
 + Level 3.0 Spellcasting
 - Level 5.0 Conjurations


You had 3 spell levels left.
You knew the following spells:

 Your Spells              Type           Power        Failure   Level  Hunger
a - Magic Dart            Conj           ###.         2%          1    #......
b - Searing Ray           Conj           ###...       3%          2    ##.....
c - Dazzling Spray        Conj/Hex       ##....       21%         3    ###....

Your spell library contained the following spells:

 Spells                   Type           Power        Failure   Level  Hunger
 Iskenderun's Mystic Bla  Conj           ###.....     24%         4    #####..
 Force Lance              Conj/Tloc      ##......     54%         4    #####..
 Fulminant Prism          Conj/Hex       ##........   54%         4    #####..


Dungeon Overview and Level Annotations

Branches:
Dungeon (2/15)

Altars:
Elyvilon


Innate Abilities, Weirdness & Mutations

Your plain brown scales are hard. (AC +5)
You cannot fit into any form of body armour.
You are cold-blooded and may be slowed by cold attacks.


Message History

* * * LOW HITPOINT WARNING * * *
You feel sick.
Some of the chunks of flesh in your inventory have rotted away.
Things that are here:
a +2 dagger of venom; a cursed -2 robe
c - a +2 dagger of venom
Okay, then.
You are feeling hungry.
* * * LOW HITPOINT WARNING * * *
You feel sick.
* * * LOW HITPOINT WARNING * * *
You feel sick.
* * * LOW HITPOINT WARNING * * *
You feel sick.
* * * LOW HITPOINT WARNING * * *
You feel sick.
* * * LOW HITPOINT WARNING * * *
You feel sick.
There is a lethal amount of poison in your body!
You die...

#...######. #.
.......... .. .
....##... #.##
#.####....... ...
....#.>###.. ..###
#......>.. ...
##..).... # #.#
#####.....<.. #. #@#
#......#..... #.##.#
#....#.#รท.... #....#
#...##.#..... ###.##
##.###......# #.###
#.# ##...### ##...##
#.## ##..#..
##.....###..## ##.#..
#.......###..###.....
#.......# ##.........


There were no monsters in sight!

Vanquished Creatures
  Jessica (D:2)
  An adder (D:2)
  A worm (D:2)
  2 dart slugs (D:1)
  2 leopard geckos
  A giant cockroach (D:2)
  4 goblins
  4 hobgoblins
  A quokka (D:2)
  4 bats (D:1)
  A frilled lizard (D:2)
  4 kobolds
  A rat (D:1)
27 creatures vanquished.

Notes
Turn   | Place    | Note
-------+----------+-------------------------------------------
     0 | D:1      | Leeroy the Draconian Conjurer began the quest for the Orb.
     0 | D:1      | Reached XP level 1. HP: 14/14 MP: 3/3
   133 | D:1      | Reached XP level 2. HP: 4/20 MP: 5/5
   140 | D:1      | Learned a level 2 spell: Searing Ray
   865 | D:2      | Reached skill level 5 in Conjurations
   865 | D:2      | Reached XP level 3. HP: 23/26 MP: 0/6
   870 | D:2      | Learned a level 3 spell: Dazzling Spray
  1079 | D:2      | Found a white marble altar of Elyvilon.
  1092 | D:2      | Became a worshipper of Elyvilon the Healer
  1149 | D:2      | Noticed Jessica
  1158 | D:2      | Killed Jessica
  1158 | D:2      | Reached XP level 4. HP: 10/33 MP: 6/8
  1169 | D:2      | HP: 1/33 [poisoned by Jessica]
  1171 | D:2      | Succumbed to Jessica's poison

Skill      XL: |  1  2  3 |
---------------+----------+-----
Conjurations   | 5 |  5.0
Spellcasting   | 3 |  3.0
Dodging        | |  1.7
Stealth        | |  1.7

Action                   |  1- 3 |  4- 6 || total
-------------------------+-------+-------++-------
Melee: Short sword       |    57 |       ||    57
       Dagger            |     4 |       ||     4
       Tailslap          |     4 |       ||     4
Throw: Stone             |     2 |       ||     2
 Cast: Magic Dart        |    11 |       ||    11
       Searing Ray       |     7 |       ||     7
  Use: Potion            |       |     2 ||     2
 Stab: Sleeping          |     2 |       ||     2
       Distracted        |     1 |       ||     1
  Eat: Chunk             |     1 |       ||     1
Armor: Skin              |    24 |       ||    24
Dodge: Dodged            |    43 |       ||    43
